 Dungeon Sprint DCSS version 0.26-a0-651-gb41185065b (webtiles) character file.

Game seed: 1717926783225271410

133837 Apogee the Conqueror (level 16, -13/183 HPs)
             Began as a Minotaur Abyssal Knight on Oct 5, 2020.
             Was the Champion of Lugonu.
             Shot with a bolt by a yaktaur captain (22 damage)
             ... in the Dungeon (Sprint V: "Ziggurat Sprint").
             The game lasted 00:27:06 (3668 turns).

Apogee the Conqueror (Minotaur Abyssal Knight)      Turns: 3668, Time: 00:27:07

Health: -13/183    AC: 31    Str: 24    XL:     16   Next: 60%
Magic:  24/24      EV:  8    Int: 21    God:    Lugonu [******]
Gold:   0          SH: 38    Dex: 11    Spells: 15/15 levels left

rFire    + + .     SeeInvis +   a - +7 broad axe (distort)
rCold    + + .     Faith    .   B - +18 shield of the Gong {rElec rN+ MR+ EV-5}
rNeg     + + .     Spirit   .   A - +15 Maxwell's patent armour {-Cast -Tele rElec MR+ rCorr}
rPois    +         Reflect  +   v - +0 mask of the Dragon {MR+ Slay+3 SInv}
rElec    +         Harm     .   U - +2 cloak {rPois}
rCorr    +         Rampage  +   (no gloves)
MR       ++++.     NoTele   +   Q - +1 pair of boots {rampage} Stlth ++++......NoCast +
                                M - amulet "Piajyti" {Reflect rN+ Int+3 SH+5 SInv}
HPRegen  0.40/turn              N - ring of the Lotus Blossom {rPois rF+ rCorr Str+3}
MPRegen  0.19/turn              S - ring "Mathoase" {rF+ rC++ Int+7}

@: corroded, hasted, studying 2 skills, very quick
A: retaliatory headbutt, horns 2, deterioration 1, low mp 1, wild magic 1
a: Bend Space, Banish, Corrupt, Renounce Religion


You were in the Dungeon.
You worshipped Lugonu.
Lugonu was exalted by your worship.
You visited 1 branch

Inventory:

Hand Weapons
 a - a +7 broad axe of distortion (weapon)
   (You found it in the Dungeon)
 b - the +7 sceptre of Torment {pain, torment}
   (You found it in the Dungeon)

   In the hands of one skilled in necromantic magic, it inflicts extra damage on
   living creatures.
Missiles
 P - 32 javelins (quivered)
 T - 11 silver javelins
Armour
 v - the +0 mask of the Dragon (worn) {MR+ Slay+3 SInv}
   (You found it in the Dungeon)

   It affects your accuracy and damage with ranged weapons and melee attacks
   (+3).
   It affects your resistance to hostile enchantments.
   It lets you see invisible.
 A - the +15 Maxwell's patent armour (worn) {-Cast -Tele rElec MR+ rCorr}
   (You found it in the Dungeon)

   It insulates you from electricity.
   It affects your resistance to hostile enchantments.
   It prevents spellcasting.
   It prevents most forms of teleportation.
   It provides partial protection from all sources of acid and corrosion.
 B - the +18 shield of the Gong (worn) {rElec rN+ MR+ EV-5}
   (You found it in the Dungeon)

   It affects your evasion (-5).
   It insulates you from electricity.
   It protects you from negative energy.
   It affects your resistance to hostile enchantments.
 F - the +4 chain mail of Fashionability {Regen+}
   (You found it in the Dungeon)

   It increases your rate of regeneration.
 Q - a +1 pair of boots of rampaging (worn)
   (You found it in the Dungeon)
 U - a +2 cloak of poison resistance (worn)
   (You found it in the Dungeon)
 W - the +5 robe of Night {Dark MR+ SInv}
   (You found it in the Dungeon)

   It affects your resistance to hostile enchantments.
   It lets you see invisible.
Jewellery
 d - the ring "Hepruobb" {rF+ EV+4}
   (You found it in the Dungeon)

   [ring of evasion]

   It affects your evasion (+4).
   It protects you from fire.
 y - the ring "Iptoxt" {rElec rC+ Str-2 Stlth+}
   (You found it in the Dungeon)

   [ring of stealth]

   It affects your strength (-2).
   It protects you from cold.
   It insulates you from electricity.
   It makes you more stealthy.
 C - the ring "Zediasum" {Int+6 Dex+4 Stlth+}
   (You found it in the Dungeon)

   [ring of intelligence]

   It affects your intelligence (+6).
   It affects your dexterity (+4).
   It makes you more stealthy.
 G - the ring of Notyzxim {*Drain rElec MR+ Int+5}
   (You found it in the Dungeon)

   [ring of protection from magic]

   It affects your intelligence (+5).
   It insulates you from electricity.
   It affects your resistance to hostile enchantments.
   It causes draining when unequipped.
 H - the ring of Goxki {Wiz MR+ Dex+3}
   (You found it in the Dungeon)

   [ring of wizardry]

   It improves your spell success rate.
   It affects your dexterity (+3).
   It affects your resistance to hostile enchantments.
 I - the ring "Conaosox" {MR+ Int+5}
   (You found it in the Dungeon)

   [ring of protection from magic]

   It affects your intelligence (+5).
   It affects your resistance to hostile enchantments.
 L - the ring of Lady Luck {+Blink +Inv rC- MP+9}
   (You found it in the Dungeon)

   [ring of magical power]

   It makes you vulnerable to cold.
   It affects your magic capacity (+9).
   It lets you turn invisible.
   It lets you blink.
 M - the amulet "Piajyti" (around neck) {Reflect rN+ Int+3 SH+5 SInv}
   (You found it in the Dungeon)

   [amulet of reflection]

   It shields you and reflects attacks.
   It affects your intelligence (+3).
   It protects you from negative energy.
   It lets you see invisible.
   It affects your SH (+5).
 N - the ring of the Lotus Blossom (left hand) {rPois rF+ rCorr Str+3}
   (You found it in the Dungeon)

   [ring of resist corrosion]

   It affects your strength (+3).
   It protects you from fire.
   It protects you from poison.
   It provides partial protection from all sources of acid and corrosion.
 O - the ring of Guaqig {Wiz rPois Int+8 SInv Stlth-}
   (You took it off a merfolk javelineer in the Dungeon)

   [ring of wizardry]

   It improves your spell success rate.
   It affects your intelligence (+8).
   It protects you from poison.
   It lets you see invisible.
   It makes you less stealthy.
 R - the ring "Xeiczank" {Fire +Blink MR++ Dex-2 Stlth-}
   (You found it in the Dungeon)

   [ring of fire]

   It enhances your fire magic.
   It affects your dexterity (-2).
   It protects you from fire.
   It makes you vulnerable to cold.
   It affects your resistance to hostile enchantments.
   It lets you blink.
   It makes you less stealthy.
 S - the ring "Mathoase" (right hand) {rF+ rC++ Int+7}
   (You found it in the Dungeon)

   [ring of protection from fire]

   It affects your intelligence (+7).
   It protects you from fire.
   It greatly protects you from cold.
Wands
 c - a wand of disintegration (7)
   (You found it in the Dungeon)
 x - a wand of acid (2)
   (You found it in the Dungeon)
Scrolls
 h - 4 scrolls of blinking
 o - 4 scrolls of amnesia
 p - 5 scrolls of fog
 q - 5 scrolls of identify {@r1}
 r - 5 scrolls of remove curse {@r2}
 s - 2 scrolls of fear
 w - 4 scrolls of enchant armour
 E - 4 scrolls of brand weapon
Potions
 e - 10 potions of haste {@q3}
 f - 7 potions of magic
 g - 2 potions of berserk rage
 i - 2 potions of brilliance
 j - 2 potions of invisibility
 k - 4 potions of resistance
 m - 6 potions of stabbing
 n - 7 potions of might
 t - 10 potions of curing {@q1}
 u - 11 potions of heal wounds {@q2}
Books
 K - a manual of Short Blades {!d}
   (You found it in the Dungeon)
 V - a manual of Throwing {!d}
   (You found it in the Dungeon)
Miscellaneous
 l - a condenser vane (2/2)
   (You found it in the Dungeon)
 z - a phantom mirror
   (You found it in the Dungeon)
 D - a phantom mirror
   (You found it in the Dungeon)
 J - a tin of tremorstones (3/3)
   (You found it in the Dungeon)


   Skills:
 O Level 27 Fighting
 - Level 18.2 Axes
 - Level 16.0 Throwing
 - Level 17.5 Armour
 - Level 13.1 Dodging
 + Level 24.8 Stealth
 - Level 17.3 Shields
 - Level 16.1 Invocations
 - Level 12.2 Evocations


You had 15 spell levels left.
You didn't know any spells.
Your spell library contained the following spells:

 Spells                   Type           Power        Failure   Level
 Animate Skeleton         Necr           #.....       82%         1
 Apportation              Tloc           #.....       82%         1
 Beastly Appendage        Tmut           #.....       82%         1
 Corona                   Hex            #......      82%         1
 Foxfire                  Conj/Fire      #...         82%         1
 Freeze                   Ice            #...         82%         1
 Magic Dart               Conj           #...         82%         1
 Pain                     Necr           #...         82%         1
 Sandblast                Erth           #.....       82%         1
 Shock                    Conj/Air       #...         82%         1
 Sting                    Tmut/Pois      #...         82%         1
 Summon Small Mammal      Summ           #...         82%         1
 Blink                    Tloc           N/A          91%         2
 Call Imp                 Summ           #.......     91%         2
 Corpse Rot               Necr/Air       N/A          91%         2
 Poisonous Vapours        Pois/Air       #.....       91%         2
 Searing Ray              Conj           #.....       91%         2
 Slow                     Hex            #.......     91%         2
 Call Canine Familiar     Summ           #.......     99%         3
 Conjure Flame            Conj/Fire      #.......     99%         3
 Dazzling Flash           Conj/Hex       #.....       99%         3
 Frozen Ramparts          Ice            #.....       99%         3
 Ignite Poison            Fire/Tmut/Pois #.......     99%         3
 Inner Flame              Hex/Fire       #.......     99%         3
 Lesser Beckoning         Tloc           #.........   99%         3
 Mephitic Cloud           Conj/Pois/Air  #.......     99%         3
 Portal Projectile        Hex/Tloc       #.....       99%         3
 Static Discharge         Conj/Air       #.......     99%         3
 Stone Arrow              Conj/Erth      #.....       99%         3
 Summon Guardian Golem    Hex/Summ       #.......     99%         3
 Tukima's Dance           Hex            #.......     99%         3
 Airstrike                Air            #.........   100%        4
 Cause Fear               Hex            #.........   100%        4
 Dispel Undead            Necr           #.......     100%        4
 Fulminant Prism          Conj/Hex       #.........   100%        4
 Ice Form                 Ice/Tmut       #.......     100%        4
 Iskenderun's Mystic Bla  Conj/Tloc      #.......     100%        4
 Leda's Liquefaction      Hex/Erth       #.........   100%        4
 Olgreb's Toxic Radiance  Pois           #.......     100%        4
 Passage of Golubria      Tloc           N/A          100%        4
 Petrify                  Tmut/Erth      #.......     100%        4
 Sticky Flame             Conj/Fire      #.......     100%        4
 Summon Ice Beast         Ice/Summ       #.......     100%        4
 Summon Lightning Spire   Summ/Air       #.......     100%        4
 Alistair's Intoxication  Tmut/Pois      #........    100%        5
 Bolt of Magma            Conj/Fire/Erth #.........   100%        5
 Borgnjor's Vile Clutch   Necr/Erth      #.........   100%        5
 Fireball                 Conj/Fire      #.........   100%        5
 Lee's Rapid Deconstruct  Erth           #.........   100%        5
 Lightning Bolt           Conj/Air       #.........   100%        5
 Metabolic Englaciation   Hex/Ice        #.........   100%        5
 Summon Demon             Summ           #.........   100%        5
 Eringya's Noxious Bog    Tmut/Pois      #.........   100%        6
 Freezing Cloud           Conj/Ice/Air   #.........   100%        6
 Invisibility             Hex            #.......     100%        6
 Iron Shot                Conj/Erth      #.........   100%        6
 Ozocubu's Refrigeration  Ice            #.........   100%        6
 Simulacrum               Ice/Necr       #.........   100%        6
 Starburst                Conj/Fire      #.........   100%        6
 Statue Form              Tmut/Erth      #........    100%        6
 Dragon Form              Tmut           #.........   100%        7
 Malign Gateway           Summ/Tloc      #.........   100%        7
 Monstrous Menagerie      Summ           #.........   100%        7
 Summon Greater Demon     Summ           #.........   100%        7
 Chain Lightning          Conj/Air       #.........   100%        8
 Ignition                 Fire           #.........   100%        8
 Lehudib's Crystal Spear  Conj/Erth      #.........   100%        8
 Summon Horrible Things   Summ           #.........   100%        8
 Absolute Zero            Ice            #.........   100%        9
 Fire Storm               Conj/Fire      #.........   100%        9
 Shatter                  Erth           #.........   100%        9
 Tornado                  Air            #.........   100%        9


Dungeon Overview and Level Annotations

Branches:
Dungeon (1/1)

Altars:
Ashenzari
Cheibriados
Dithmenos
Elyvilon
Fedhas
Gozag
Hepliaklqana
Kikubaaqudgha
Makhleb
Nemelex Xobeh
Okawaru
Qazlal
Ru
Sif Muna
Trog
Uskayaw
Vehumet
Wu Jian
Xom
Yredelemnul
Zin
The Shining One
Beogh
Jiyva
Lugonu

Annotations:
D corrupted, 1 transporter


Innate Abilities, Weirdness & Mutations

You reflexively headbutt those who attack you in melee.
You have a pair of horns on your head.
Your body sometimes deteriorates upon taking damage.
Your magical capacity is low. (-10% MP)
Your spells are a little harder to cast, but a little more powerful.


Message History

The shadow dragon breathes negative energy at you.
The bolt of negative energy hits you! You partially resist.
You feel drained.
* * * LOW HITPOINT WARNING * * *
Unknown command.
You slice the ancient lich!!
Space bends around the ancient lich.
You hit the shadow dragon but do no damage.
Space warps horribly around the shadow dragon!!
The shadow dragon is engulfed in blazing flames.
You kill the shadow dragon!
Lugonu accepts your kill.
Your life force feels restored.
The ancient lich gestures at you while chanting.
The crystal spear reflects off an invisible shield around you!
GONNNNG!
The crystal spear hits the ancient lich!!!
The ancient lich casts a spell at you. The bolt of acid hits you! You resist.
* * * LOW HITPOINT WARNING * * *
The acid corrodes you!
You are splashed with acid.
You resist.
* * * LOW HITPOINT WARNING * * *
The vault guard is engulfed in blazing flames.
The stone giant is engulfed in blazing flames.
The stone giant throws a large rock.
The large rock hits the ancient lich!!
The ancient lich is engulfed in blazing flames.
You block the ancient lich's attack.
PANG!
You block the ancient lich's attack.
PANG!
Things that are here:
a +0 battleaxe; a +0 plate armour; the ring of Circularity {rF+ rC+} Unknown command.
You completely miss the ancient lich. You slash the vault guard!
Space warps horribly around the vault guard!!
You kill the vault guard!
Lugonu accepts your kill.
You completely miss the ancient lich. You slice the ancient lich!!
You destroy the ancient lich!
Lugonu accepts your kill.
Your Stealth skill increases to level 24!
You hit the ancient lich but do no damage.
You slash the yaktaur!
Space bends around the yaktaur.
The ancient lich points at you and mumbles some strange words.
The bolt of acid hits you! You resist.
* * * LOW HITPOINT WARNING * * *
The acid corrodes you!
You are splashed with acid.
You resist.
* * * LOW HITPOINT WARNING * * *
The yaktaur captain wields a +0 arbalest.
The yaktaur captain shoots a bolt.
The bolt hits you!!
You die...

8©8.......▓
}§§§§§§☼§.▓
|§|}○§§§§☼▓
.§(§§§C☼§§▓
(§.§§§§§§.▓
.§§§§§§§§.▓
...§§§DDL○▓
.......c..▓
.......)@§▓
........cL..▓
..............▓
..............▓ .
▓......c▓(..(▓ ..
▓▓.....▓▓▓...▓
...▓.......▓....▓
................▓
................▓


You could see 2 shadow dragons, 2 ancient liches, a stone giant, a yaktaur
captain and 2 yaktaurs.

Vanquished Creatures
  2 ancient liches (D)
  5 liches (D)
  An acid blob (D)
  2 deep elf blademasters (D)
  4 shadow dragons (D)
  A ghoul (D)
  2 reapers (D)
  5 vampire knights (D)
  7 stone giants (D)
  A purple draconian (D)
  A dire elephant (D)
  3 merfolk javelineers (D)
  A deep elf high priest (D)
  A death ooze (D)
  17 vault guards (D)
  7 hydras (D)
  A catoblepas (D)
  A death yak (D)
  A merfolk aquamancer (D)
  A two-headed ogre (D)
  2 vampire magi (D)
  5 soul eaters (D)
  2 thrashing horrors (D)
  7 skeletal warriors (D)
  A sea snake (D)
  A flayed ghost (D)
  6 necromancers (D)
  A harpy (D)
  An orb spider (D)
  2 wolf spiders (D)
  A phantasmal warrior (D)
  2 shining eyes (D)
  2 deep elf magi (D)
  3 draconians (D)
  An elephant (D)
  4 black mambas (D)
  A water nymph (D)
  A merfolk siren (D)
  A rust devil (D)
  2 smoke demons (D)
  An eye of devastation (D)
  6 cane toads (D)
  A rime drake (D)
  A yaktaur (D)
  6 komodo dragons (D)
  6 red devils (D)
  A tormentor (D)
  A troll (D)
  A jumping spider (D)
  4 hornets (D)
  A raiju (D)
  2 blink frogs (D)
  3 slime creatures (D)
  A snapping turtle (D)
  2 air elementals (D)
  4 hippogriffs (D)
  2 spriggans (D)
  3 redbacks (D)
  A ynoxinul (D)
  6 shadows (D)
  A water elemental (D)
  4 vampires (D)
  4 yaks (D)
  A basilisk (D)
  A golden eye (D)
  3 hell hounds (D)
  4 water moccasins (D)
  8 necrophages (D)
  5 phantoms (D)
  2 black bears (D)
  3 eyes of draining (D)
  2 ogres (D)
  4 wolves (D)
  6 crocodiles (D)
  2 bullfrogs (D)
  9 wights (D)
  2 quasits (D)
  3 starcursed masses (D)
  9 iron imps (D)
  An orc wizard (D)
  A small abomination (D)
  2 jellies (D)
  A shadow imp (D)
  3 oozes (D)
  2 ufetubi (D)
  5 adder skeletons (D)
  3 adder zombies (D)
  An orc (D)
  7 bat skeletons (D)
  5 bat zombies (D)
  5 jackals (D)
  A ball python zombie (D)
  7 giant cockroach zombies (D)
  3 jackal skeletons (D)
  9 leopard gecko skeletons (D)
  2 leopard gecko zombies (D)
  3 quokka skeletons (D)
297 creatures vanquished.

Vanquished Creatures (others)
  A vampire knight (D)
  A deep elf high priest (D)
  3 dancing weapons (D)
  A deep elf knight (D)
  A deep elf archer (D)
  A manticore (D)
  4 deep elf magi (D)
  5 necromancers (D)
  A water elemental (D)
  3 shadows (D)
  2 vampires (D)
  2 wights (D)
  A jackal skeleton (D)
  A leopard gecko zombie (D)
27 creatures vanquished.

Grand Total: 324 creatures vanquished

Notes
Turn   | Place    | Note
-------+----------+-------------------------------------------
     0 | D        | Apogee the Minotaur Abyssal Knight began the quest for the
                  | Orb.
     0 | D        | Reached XP level 1. HP: 19/19 MP: 1/1
     0 | D        | Found a shimmering blue altar of Sif Muna.
     0 | D        | Found a bloodstained altar of Trog.
     0 | D        | Found a sacrificial altar of Ru.
     0 | D        | Found a stormy altar of Qazlal.
     0 | D        | Found an iron altar of Okawaru.
     1 | D        | Found a sparkling altar of Nemelex Xobeh.
     1 | D        | Found a blossoming altar of Fedhas.
     2 | D        | Found the +6 Majin-Bo {vamp, MP+6 Int+6}
     2 | D        | Found the +9 heavy crossbow "Sniper" {vorpal, Acc+∞ SInv}
     2 | D        | Found the +10 dark maul {vorpal}
     2 | D        | Found the +15 Maxwell's patent armour {-Cast -Tele rElec
                  | MR+ rCorr}
     2 | D        | Found the +18 shield of the Gong {rElec rN+ MR+ EV-5}
     2 | D        | Found the cursed +14 obsidian axe {vorpal, +Fly SInv
                  | *Curse}
     2 | D        | Found the +7 great mace "Firestarter" {inner flame, rF++}
     2 | D        | Found the +6 shillelagh "Devastator" {shatter}
     2 | D        | Found the +11 plutonium sword {*Contam Stlth-}
     2 | D        | Found the +8 lance "Wyrmbane" {slay drac, rPois rF+ rC+
                  | AC+3}
     2 | D        | Found the +9 sword of Zonguldrok {reap}
     2 | D        | Found the cursed +13 scythe of Curses {drain, *Curse}
     2 | D        | Found the +0 sword of Power
     2 | D        | Found the +7 mace of Variability {chain chaos}
     2 | D        | Found the +7 Singing Sword {vorpal, sonic wave}
     2 | D        | Found the +8 storm bow {elec, penet}
     3 | D        | Found a transporter.
     3 | D        | Found an ancient bone altar of Kikubaaqudgha.
     3 | D        | Found a viscous altar of Jiyva.
     3 | D        | Found a corrupted altar of Lugonu.
     3 | D        | Found a hazy altar of Hepliaklqana.
     3 | D        | Found a burning altar of Makhleb.
     3 | D        | Found an opulent altar of Gozag.
    93 | D        | Reached XP level 2. HP: 26/26 MP: 2/2
    99 | D        | Entered arena 2.
    99 | D        | Found a transporter.
   103 | D        | Reached ** piety under Lugonu
   103 | D        | Reached skill level 5 in Fighting
   103 | D        | Reached XP level 3. HP: 36/36 MP: 3/3
   109 | D        | Entered arena 3.
   109 | D        | Found a transporter.
   114 | D        | Reached skill level 10 in Axes
   121 | D        | Got the Guide on Attacks and Calling
   123 | D        | Entered arena 4.
   123 | D        | Noticed an ogre
   123 | D        | Noticed a troll
   123 | D        | Noticed an ogre
   123 | D        | Noticed a two-headed ogre
   123 | D        | Found a transporter.
   126 | D        | Killed a two-headed ogre
   126 | D        | Reached *** piety under Lugonu
   126 | D        | Reached skill level 11 in Fighting
   126 | D        | Reached XP level 4. HP: 55/55 MP: 4/4
   126 | D        | Reached XP level 5. HP: 61/61 MP: 5/5
   126 | D        | Reached XP level 6. HP: 68/68 MP: 6/6
   129 | D        | Reached XP level 7. HP: 75/75 MP: 7/7
   130 | D        | Reached skill level 12 in Fighting
   143 | D        | Killed a troll
   143 | D        | Reached skill level 13 in Fighting
   143 | D        | Reached skill level 15 in Axes
   147 | D        | Got Unatil's Grimoire of Flight and Snow
   150 | D        | Entered arena 5.
   150 | D        | Noticed a purple draconian
   150 | D        | Noticed a draconian
   150 | D        | Noticed a draconian
   150 | D        | Noticed a draconian
   150 | D        | Found a transporter.
   157 | D        | Killed a draconian
   157 | D        | Reached skill level 14 in Fighting
   157 | D        | Reached XP level 8. HP: 89/89 MP: 8/8
   160 | D        | Killed a draconian
   160 | D        | Reached **** piety under Lugonu
   162 | D        | Killed a draconian
   162 | D        | Reached skill level 15 in Fighting
   162 | D        | Reached XP level 9. HP: 99/99 MP: 9/9
   179 | D        | Killed a purple draconian
   179 | D        | Reached skill level 16 in Fighting
   398 | D        | Entered arena 6.
   398 | D        | Found a transporter.
   403 | D        | Reached ***** piety under Lugonu
   403 | D        | Reached skill level 1 in Shields
   515 | D        | Got Nuthrumom's Papyrus of Orientation and Darkness
   522 | D        | Entered arena 7.
   522 | D        | Noticed a shining eye
   522 | D        | Noticed a shining eye
   522 | D        | Gained mutation: Your body sometimes deteriorates upon
                  | taking damage. [a shining eye]
   526 | D        | Gained mutation: Your magical capacity is low. (-10% MP) [a
                  | shining eye]
   526 | D        | Gained mutation: Your spells are a little harder to cast,
                  | but a little more powerful. [a shining eye]
   527 | D        | Killed a shining eye
   527 | D        | Reached skill level 5 in Armour
   529 | D        | Found a transporter.
   530 | D        | Killed a shining eye
   531 | D        | Reached XP level 10. HP: 110/110 MP: 0/9
   539 | D        | Got the ring "Hepruobb" {rF+ EV+4}
   608 | D        | Entered arena 8.
   609 | D        | Found a transporter.
   612 | D        | Reached ****** piety under Lugonu
   637 | D        | Entered arena 9.
   638 | D        | Found the +3 sling "Punk" {acid, rCorr}
   638 | D        | Found a transporter.
   655 | D        | Got the Guide on the Poisonous Arsonist
   663 | D        | Entered arena 10.
   663 | D        | Noticed an eight-headed hydra
   664 | D        | Found the +3 giant club "Skullcrusher" {speed, Str+7}
   664 | D        | Found a transporter.
   673 | D        | Reached skill level 10 in Armour
   676 | D        | Reached skill level 10 in Shields
   678 | D        | Killed an 18-headed hydra
   969 | D        | Got the ring of the Lotus Blossom {rPois rF+ rCorr Str+3}
   980 | D        | Entered arena 11.
   981 | D        | Found a transporter.
  1009 | D        | Got the +8 trident "Vomy" {flame, *Rage rC+ Str+5}
  1012 | D        | Entered arena 12.
  1012 | D        | Noticed a death ooze
  1013 | D        | Noticed an acid blob
  1013 | D        | Noticed an eye of devastation
  1014 | D        | Found the ring of Phasing {EV+8}
  1014 | D        | Found a transporter.
  1016 | D        | Killed a death ooze
  1023 | D        | Killed an acid blob
  1023 | D        | Reached XP level 11. HP: 95/116 MP: 10/10
  1054 | D        | Got Ysaeph's Sophisticated Casting
  1145 | D        | Entered arena 13.
  1146 | D        | Noticed a reaper
  1147 | D        | Found the +8 frozen axe "Frostbite" {freezing cloud, *Noise
                  | +Fly rC+}
  1147 | D        | Found a transporter.
  1154 | D        | Reached skill level 15 in Armour
  1166 | D        | Reached skill level 15 in Shields
  1178 | D        | Killed a reaper
  1207 | D        | Entered arena 14.
  1435 | D        | Noticed an orb spider
  1435 | D        | Noticed an orb spider
  1436 | D        | Noticed a wolf spider
  1443 | D        | Noticed a wolf spider
  1456 | D        | Killed a wolf spider
  1462 | D        | Identified a +7 broad axe of distortion (a +5 broad axe
                  | corrupted by Lugonu)
  1462 | D        | Received a gift from Lugonu
  1468 | D        | Banished an orb spider
  1470 | D        | Killed an orb spider
  1474 | D        | Killed a wolf spider
  1511 | D        | Found the +7 sceptre of Torment {pain, torment}
  1511 | D        | Found a transporter.
  1519 | D        | Got the ring of Goxki {Wiz MR+ Dex+3}
  1530 | D        | Entered arena 15.
  1635 | D        | Noticed a merfolk javelineer
  1635 | D        | Noticed a sea snake
  1635 | D        | Noticed a merfolk javelineer
  1635 | D        | Noticed a merfolk aquamancer
  1635 | D        | Noticed a harpy
  1635 | D        | Noticed a merfolk javelineer
  1635 | D        | Noticed a merfolk aquamancer
  1635 | D        | Noticed a merfolk javelineer
  1638 | D        | Killed a harpy
  1638 | D        | Reached skill level 1 in Evocations
  1638 | D        | Reached XP level 12. HP: 114/124 MP: 10/10
  1642 | D        | Identified the ring of Guaqig {Wiz rPois Int+8 SInv Stlth-}
  1652 | D        | Banished a merfolk javelineer
  1653 | D        | Killed a merfolk javelineer
  1653 | D        | Reached skill level 5 in Dodging
  1654 | D        | Reached skill level 5 in Evocations
  1660 | D        | Killed a merfolk javelineer
  1663 | D        | Killed a merfolk javelineer
  1665 | D        | Banished a merfolk aquamancer
  1677 | D        | Found a transporter.
  1686 | D        | Killed a merfolk aquamancer
  1686 | D        | Reached skill level 10 in Dodging
  1904 | D        | Got the cursed +1 spear "Cugemp" {venom, *Corrode +Rage
                  | Str+2}
  1907 | D        | Got the +7 arbalest of Zeetwuch {flame, +Inv}
  1928 | D        | Got Watetow's Compendium of Igneous Snow
  1939 | D        | Entered arena 16.
  1944 | D        | Noticed a seven-headed hydra
  1944 | D        | Noticed a four-headed hydra
  1944 | D        | Noticed an eight-headed hydra
  1947 | D        | Reached skill level 1 in Throwing
  1953 | D        | Killed a seven-headed hydra
  1958 | D        | Killed a four-headed hydra
  1958 | D        | Reached skill level 5 in Throwing
  1961 | D        | Killed an eight-headed hydra
  1966 | D        | Found a transporter.
  2107 | D        | Found the +8 glaive of the Guard {elec, +Rage AC+5 SInv}
  2113 | D        | Got the ring "Iptoxt" {rElec rC+ Str-2 Stlth+}
  2127 | D        | Got the Collected Works on Dusty Weightlessness
  2165 | D        | Entered arena 17.
  2181 | D        | Found a transporter.
  2182 | D        | Found the +0 mask of the Dragon {MR+ Slay+3 SInv}
  2186 | D        | Reached XP level 13. HP: 123/130 MP: 11/11
  2228 | D        | Got the ring of Notyzxim {*Drain rElec MR+ Int+5}
  2244 | D        | Got the cursed +0 plate armour "Reelatodia" {-Tele rC+
                  | Str+3}
  2255 | D        | Entered arena 18.
  2258 | D        | Noticed a deep elf blademaster
  2258 | D        | Noticed a deep elf blademaster
  2259 | D        | Found a transporter.
  2263 | D        | Killed a deep elf blademaster
  2271 | D        | Reached skill level 10 in Evocations
  2274 | D        | Reached skill level 10 in Throwing
  2276 | D        | Killed a deep elf blademaster
  2282 | D        | Got the amulet of Laj Bau {Inacc *Slow rPois rN++ Str+4}
  2285 | D        | Got the amulet "Piajyti" {Reflect rN+ Int+3 SH+5 SInv}
  2571 | D        | Entered arena 19.
  2574 | D        | Noticed a balrug
  2574 | D        | Noticed a starcursed mass
  2575 | D        | Found the +7 captain's cutlass {speed, disarm}
  2575 | D        | Found a transporter.
  2587 | D        | HP: 4/130 [smoke demon/divine providence (15)]
  2597 | D        | Killed a starcursed mass
  2599 | D        | Banished a balrug
  2658 | D        | Got the ring "Zediasum" {Int+6 Dex+4 Stlth+}
  2935 | D        | Entered arena 20.
  2947 | D        | Noticed a reaper
  2947 | D        | Noticed a lich
  2961 | D        | Reached skill level 17 in Fighting
  2974 | D        | Killed a lich
  2974 | D        | Reached skill level 18 in Fighting
  2987 | D        | Killed a reaper
  2993 | D        | Found a transporter.
  3010 | D        | Found the +8 longbow "Zephyr" {speed, Dex+3 SInv}
  3015 | D        | Got Qikuwk's Almanac of Dark Arts and the Mountains
  3142 | D        | Entered arena 21.
  3146 | D        | Noticed a vampire knight
  3147 | D        | Corrupted D
  3147 | D        | Noticed a starcursed mass
  3147 | D        | Noticed a starcursed mass
  3147 | D        | Noticed a starcursed mass
  3162 | D        | Killed a vampire knight
  3175 | D        | Noticed a vampire knight
  3177 | D        | Noticed a Brimstone Fiend
  3177 | D        | Noticed a lorocyproca
  3177 | D        | Noticed a lich
  3177 | D        | Noticed a ghoul
  3177 | D        | Identified the +10 scimitar of the Curious People
                  | {antimagic, rPois Str+2 Int+4}
  3177 | D        | Noticed a vampire knight
  3177 | D        | Identified the +1 dagger "Qalagebb" {vorpal, rPois}
  3177 | D        | Noticed an ancient lich
  3180 | D        | Banished a vampire knight
  3193 | D        | Killed a vampire knight
  3193 | D        | Banished a lich
  3194 | D        | Noticed a vampire knight
  3198 | D        | Killed a ghoul
  3198 | D        | Reached skill level 19 in Fighting
  3202 | D        | Reached XP level 14. HP: 146/146 MP: 15/17
  3207 | D        | Killed an ancient lich
  3207 | D        | Reached skill level 10 in Invocations
  3212 | D        | Killed a vampire knight
  3212 | D        | Reached skill level 20 in Fighting
  3217 | D        | Found a transporter.
  3228 | D        | Entered arena 22.
  3232 | D        | Noticed a shadow dragon
  3233 | D        | Noticed a shadow dragon
  3243 | D        | Banished a shadow dragon
  3249 | D        | Reached skill level 21 in Fighting
  3255 | D        | Banished a shadow dragon
  3357 | D        | Found a transporter.
  3365 | D        | Got the ring "Xeiczank" {Fire +Blink MR++ Dex-2 Stlth-}
  3367 | D        | Got the ring "Mathoase" {rF+ rC++ Int+7}
  3383 | D        | Got the amulet of Bycomatu {Spirit rC++ Str+2}
  3391 | D        | Entered arena 23.
  3405 | D        | Found the +5 robe of Night {Dark MR+ SInv}
  3407 | D        | Reached skill level 22 in Fighting
  3409 | D        | Reached skill level 23 in Fighting
  3410 | D        | Reached skill level 15 in Invocations
  3412 | D        | Reached skill level 24 in Fighting
  3415 | D        | Found a transporter.
  3452 | D        | Got the +4 chain mail of Fashionability {Regen+}
  3465 | D        | Entered arena 24.
  3476 | D        | Noticed a vampire knight
  3476 | D        | Noticed a ghoul
  3476 | D        | Noticed a vampire knight
  3476 | D        | Noticed a lich
  3477 | D        | Identified the +1 robe of the Catamount {rF+}
  3478 | D        | Noticed a vampire knight
  3478 | D        | Noticed a vampire knight
  3480 | D        | Noticed a ghoul
  3480 | D        | Noticed a ghoul
  3482 | D        | Noticed a Hell Sentinel
  3482 | D        | Noticed a lich
  3484 | D        | Killed a vampire knight
  3484 | D        | Reached skill level 25 in Fighting
  3484 | D        | Banished a ghoul
  3485 | D        | Reached skill level 5 in Stealth
  3487 | D        | Reached XP level 15. HP: 168/170 MP: 23/23
  3491 | D        | Identified the +11 long sword "Leumeud" {vorpal, rN+}
  3493 | D        | Killed a lich
  3493 | D        | Reached skill level 15 in Throwing
  3493 | D        | Killed a lich
  3493 | D        | Reached skill level 26 in Fighting
  3496 | D        | Identified the ring "Kureff" {rF- rN+++ Int+3 Dex+6 SInv}
  3515 | D        | Reached skill level 27 in Fighting
  3526 | D        | Found a transporter.
  3528 | D        | Got the Tome of Clay
  3539 | D        | Got the ring "Conaosox" {MR+ Int+5}
  3542 | D        | Got the ring of Lady Luck {+Blink +Inv rC- MP+9}
  3546 | D        | Got the Almanac of Doomed Transformation
  3629 | D        | Entered arena 25.
  3639 | D        | Noticed a lich
  3639 | D        | Noticed an ancient lich
  3639 | D        | Noticed an ancient lich
  3639 | D        | Noticed a lich
  3640 | D        | Found the +8 mithril axe "Arga" {speed, MR+}
  3640 | D        | Noticed a shadow dragon
  3640 | D        | Noticed a shadow dragon
  3640 | D        | Noticed a shadow dragon
  3640 | D        | Identified the ring of Circularity {rF+ rC+}
  3641 | D        | Identified the ring of Midsummer {Ice Int+2}
  3642 | D        | Found a transporter.
  3642 | D        | Noticed a shadow dragon
  3642 | D        | Noticed a shadow dragon
  3646 | D        | Noticed a shadow dragon
  3646 | D        | Noticed a shadow dragon
  3646 | D        | Noticed an ancient lich
  3647 | D        | Reached skill level 15 in Stealth
  3648 | D        | Noticed an ancient lich
  3650 | D        | Killed a lich
  3650 | D        | Killed a lich
  3652 | D        | Noticed a shadow dragon
  3653 | D        | Reached XP level 16. HP: 132/183 MP: 24/24
  3655 | D        | Banished a shadow dragon
  3656 | D        | Killed a shadow dragon
  3657 | D        | Banished a shadow dragon
  3658 | D        | Killed a shadow dragon
  3658 | D        | Banished an ancient lich
  3660 | D        | Killed a shadow dragon
  3665 | D        | Killed a shadow dragon
  3668 | D        | Killed an ancient lich
  3668 | D        | HP: 9/183 [acid (4)]
  3668 | D        | Shot with a bolt by a yaktaur captain

Illustrated notes

Levels and vault maps discovered:
D:        sprint_v [room_start, room_1, room_2, room_3, room_4, room_5, room_6,
          room_7, room_8, room_9, room_10, room_11, room_12, room_13, room_14,
          room_15, room_16, room_17, room_18, room_19, room_20, room_21,
          room_22, room_23, room_24, room_25, room_26, room_27]

Skill      XL: |  1  2  3  4  5  6  7  8  9 10 11 12 13 14 15 16 |
---------------+-------------------------------------------------+-----
Axes           | 9 13 14 15 17 18 | 18.2
Fighting       | 5 11 14 15 16 19 25 27 | 27.0
Shields        | 6 13 17 | 17.3
Armour         | 7 14 17 | 17.5
Dodging        | 2 13 | 13.1
Evocations     | 1 8 12 | 12.2
Throwing       | 7 12 13 16 | 16.0
Invocations    | 9 16 | 16.1
Stealth        | 6 19 24 | 24.8

Action                   |  1- 3 |  4- 6 |  7- 9 | 10-12 | 13-15 | 16-18 || total
-------------------------+-------+-------+-------+-------+-------+-------++-------
Melee: Broad axe         |     7 |     1 |    40 |   152 |   135 |    13 ||   348
       Headbutt          |       |       |     8 |    29 |    25 |     4 ||    66
       Eveningstar       |       |       |       |       |    29 |       ||    29
Throw: Javelin           |       |       |       |    13 |    10 |       ||    23
Invok: Brand Weapon With |       |       |       |     1 |       |       ||     1
       Corrupt           |       |       |       |       |     1 |       ||     1
Evoke: Wand              |     2 |       |     5 |     4 |     1 |       ||    12
       Condenser vane    |     1 |       |     1 |     5 |     7 |       ||    14
       Phantom mirror    |       |       |     1 |     1 |       |       ||     2
  Use: Potion            |     1 |       |     1 |     1 |     9 |     1 ||    13
       Scroll            |       |       |       |     1 |     1 |       ||     2
 Stab: Petrified         |       |       |       |       |     5 |       ||     5
Armor: Plate armour      |     3 |       |    14 |    98 |    62 |     6 ||   183
Dodge: Dodged            |       |       |       |    32 |    31 |     3 ||    66
Block: Kite shield       |    11 |       |    20 |   265 |   299 |    17 ||   612
       Reflection        |       |       |       |     2 |     6 |     2 ||    10

Table legend: (Time is in decaauts)
 A = Elapsed time spent in this place.
 B = Non-inter-level travel time spent in this place.
 C = Inter-level travel time spent in this place.
 D = Time resting spent in this place.
 E = Time spent auto-exploring this place.
 F = Levels seen in this place.
 G = Mean time per level.
                   A        B        C        D        E       F      G
               +--------+--------+--------+--------+--------+-----+--------+
         Total |   3533 |   3514 |     19 |   2023 |    241 |   1 | 3533.0 |
       Dungeon |   3533 |   3514 |     19 |   2023 |    241 |   1 | 3533.0 |
               +--------+--------+--------+--------+--------+-----+--------+

Top non-repeatable levels by time:
       D: 3533 daAuts
